 Dungeon Crawl Stone Soup version 0.26-a0-774-g1415c89e12 (webtiles) character file.

Game seed: 116152185173672227

177 Kinoniko the Slasher (level 5, 0/46 HPs)
             Began as a Draconian Monk on Nov 9, 2020.
             Succumbed to an orc wizard's poison
             ... on level 4 of the Dungeon.
             The game lasted 00:03:01 (3335 turns).

Kinoniko the Slasher (Draconian Monk)               Turns: 3335, Time: 00:03:01

Health: 0/46       AC:  8    Str: 11 (14) XL:     5   Next: 31%
Magic:  5/5        EV: 13    Int:  8 (11) God:
Gold:   116        SH:  0    Dex: 12 (13) Spells: 4/4 levels left

rFire    . . .     SeeInvis .   a - +1 falchion
rCold    . . .     Faith    .   (no shield)
rNeg     . . .     Spirit   .   (armour unavailable)
rPois    .         Reflect  .   (helmet restricted)
rElec    .         Harm     .   c - +2 cloak
rCorr    .         Rampage  .   (no gloves)
MR       .....                  (no boots)
Stlth    ++........             (no amulet)
HPRegen  0.15/turn              (no ring)
MPRegen  0.09/turn              (no ring)

@: lethally poisoned (0 -> -68), attractive
A: unfitting armour, cold-blooded, AC +5
a: no special abilities


You were on level 4 of the Dungeon.
You visited 1 branch of the dungeon, and saw 4 of its levels.

You collected 116 gold pieces.

Inventory:

Hand Weapons
 a - a +1 falchion (weapon)
Armour
 c - a +2 cloak (worn)
Jewellery
 p - an uncursed ring of stealth {unknown}
Scrolls
 b - a scroll of remove curse
 f - a scroll of random uselessness {unknown}
Potions
 e - 4 potions of heal wounds {unknown}
 h - a potion of haste {unknown}
 j - 2 potions of curing {unknown}
 q - a potion of might {unknown}


   Skills:
 + Level 4.3 Fighting
 * Level 4.8 Long Blades
 + Level 3.5 Dodging
 - Level 1.7 Stealth


You had 4 spell levels left.
You didn't know any spells.
Your spell library was empty.

Dungeon Overview and Level Annotations

Branches:
Dungeon (4/15)
 Temple: D:4-7

Altars:

Annotations:
D:3 2 transporters, Queen's ghost, amateur TrHu


Innate Abilities, Weirdness & Mutations

Your plain brown scales are hard. (AC +5)
You cannot fit into any form of body armour.
You are cold-blooded and may be slowed by cold attacks.


Message History

You feel very sick. Something hits you but does no damage.
You are more poisoned.
Unknown command.
You closely miss something.
* * * LOW HITPOINT WARNING * * *
You feel very sick. Something hits you but does no damage.
You are more poisoned.
It was a potion of degeneration.
There was something very wrong with that liquid.
You feel weakened.
You feel dopey.
You feel clumsy.
* * * LOW HITPOINT WARNING * * *
You feel very sick. Something hits you.
* * * LOW HITPOINT WARNING * * *
You are more poisoned.
It was a potion of attraction.
You feel attractive to monsters.
You die...

..#...............##.#
....#..........#####.#
............#..# #.#
.........#..#..# #.#
.#...$..#....... #.#
.##.........#.... ..#
#......#.##......##.##
#..#.....#######.. ##
#.#...@......###
........{.....#
#.#.#.#.##.##..#
........# .# #
...##.#.# # .# #.#.# #
###


There were no monsters in sight!

Vanquished Creatures
  An iguana (D:4)
  6 adders
  An ooze (D:1)
  An adder skeleton (D:4)
  4 dart slugs
  3 leopard geckos (D:1)
  5 orcs (D:3)
  3 ball pythons
  6 giant cockroaches
  7 goblins
  7 hobgoblins
  4 jackals (D:3)
  4 kobolds (D:1)
  2 quokkas
  10 bats
  A frilled lizard (D:1)
  8 rats
73 creatures vanquished.

Notes
Turn   | Place    | Note
-------+----------+-------------------------------------------
     0 | D:1      | Kinoniko the Draconian Monk began the quest for the Orb.
     0 | D:1      | Reached XP level 1. HP: 19/19 MP: 1/1
   168 | D:1      | Reached XP level 2. HP: 20/26 MP: 2/2
  1130 | D:1      | Reached XP level 3. HP: 33/33 MP: 3/3
  1948 | D:2      | Reached XP level 4. HP: 37/40 MP: 4/4
  2441 | D:3      | Found a transporter.
  2443 | D:3      | Noticed Queen's ghost (amateur TrHu)
  2701 | D:3      | Found a transporter.
  2764 | D:3      | Reached XP level 5. HP: 46/46 MP: 5/5
  3335 | D:4      | Succumbed to an orc wizard's poison

Illustrated notes

Levels and vault maps discovered:
D:1:      matt_arrival_spirals, layout_basic, minivault_27, st_stairs_1,
          serial_bayou_pond_e, minmay_misc_feat_roman
D:2:      layout_basic
D:3:      layout_loops_ring, gammafunk_ghost_stat_death
D:4:      layout_basic, uniq_ijyb

Skill      XL: |  1  2  3  4 |
---------------+-------------+-----
Dodging        | 3 |  3.5
Long Blades    | 4 |  4.8
Fighting       | 4 |  4.3
Stealth        | |  1.7

Action                   |  1- 3 |  4- 6 || total
-------------------------+-------+-------++-------
Melee: Falchion          |    99 |   121 ||   220
       Tailslap          |    10 |    13 ||    23
  Use: Scroll            |       |     9 ||     9
       Potion            |       |     2 ||     2
 Stab: Sleeping          |     4 |     3 ||     7
Armor: Skin              |    27 |    30 ||    57
Dodge: Dodged            |    74 |    88 ||   162
       Rpst.: Falchion   |    29 |    26 ||    55

Table legend: (Time is in decaauts)
 A = Elapsed time spent in this place.
 B = Non-inter-level travel time spent in this place.
 C = Inter-level travel time spent in this place.
 D = Time resting spent in this place.
 E = Time spent auto-exploring this place.
 F = Levels seen in this place.
 G = Mean time per level.
                   A        B        C        D        E       F      G
               +--------+--------+--------+--------+--------+-----+--------+
         Total |   3358 |   3304 |     54 |    529 |   2249 |   4 |  839.5 |
       Dungeon |   3358 |   3304 |     54 |    529 |   2249 |   4 |  839.5 |
               +--------+--------+--------+--------+--------+-----+--------+

Top non-repeatable levels by time:
     D:1: 1346 daAuts
     D:3: 880 daAuts
     D:2: 875 daAuts
     D:4: 256 daAuts
